AoeStats
← BudgetBench6953

Arena

510238961Analyzed
1v1 RM · 18h ago on Sep 30, 2026· 52m 13s· 2 players
Game mode
Random Map
Map size
Tiny (2 player)
Population
200
Speed
Normal
Resources
Standard
Victory
Conquest
Starting age
Dark Age
Ending age
Imperial Age
RankedLock teamsTeams togetherTeam positionsShared explorationLock speedFull tech treeHidden civsTurbo modeCheats
Victory
Defeat
🇺🇸 Bulgarians · United States
874
+18
🇺🇸 Goths · United States
911
-18
BudgetBench6953
10:40 Feudal Age
8:56 Loom
14:56 Castle Age
18:13 Scale Barding Armor
19:04 Fletching
32:23 Bodkin Arrow
33:52 Gold Mining
34:18 Town Watch
36:16 Forging
35:59 Double-Bit Axe
39:15 Scale Mail Armor
41:46 Chain Mail Armor
50:39 Imperial Age
49:26 Iron Casting
50:08 Town Patrol
twchang
0:27 Loom
12:04 Feudal Age
16:19 Castle Age
15:20 Double-Bit Axe
16:17 Horse Collar
16:21 Man-at-Arms
17:07 Squires
18:02 Fletching
27:44 Bodkin Arrow
31:01 Bow Saw
35:49 Pikeman
38:38 Wheelbarrow
39:17 Heavy Plow
43:39 Hand Cart
Connection lost

Rejoining the realm…

Still unreachable

The connection could not be restored.

Session expired

The server has moved on; the page needs a fresh start.